 Dungeon Crawl Stone Soup version 0.31-a0-846-gb3bcc0d938 (webtiles) character file.

Game seed: 2520586870185303080

2867 senseless the Mimic (level 9, 0/41 HPs)
             Began as a Felid Shapeshifter on Oct 3, 2023.
             Was a Believer of Ashenzari.
             Succumbed to a killer bee's poison
             ... on level 7 of the Dungeon.
             The game lasted 00:19:59 (7435 turns).

senseless the Mimic (Felid Shapeshifter)            Turns: 7435, Time: 00:20:00

Health: 0/41       AC:  2    Str: 12    XL:     9   Next: 47%
Magic:  10/10      EV: 26    Int: 12    God:    Ashenzari [**....]
Gold:   358        SH:  0    Dex: 26    Spells: 7/8 levels left
                                        Lives:  0   Deaths: 3

rFire   . .          .
                       - Unarmed
rCold   + . .        (shield unavailable)
rNeg    . . .        (body armour unavailable)
rPois   .            (helmet unavailable)
rElec   .            (cloak unavailable)
rCorr   .            (gloves unavailable)
SInv    +            (boots unavailable)
Will    +....        (no amulet)
Stlth   +            d - ring "Lashed Irritation" {Dex+6, Dev, Melee} (curse)
HPRegen 0.26/turn    j - ring of Pilif {Wiz rC+ Dex+3 SInv}
MPRegen 0.12/turn

%: wizardry (x1)
@: lethally poisoned (0 -> -4), flux-form, glowing, quick
A: glow, contaminating, very small, claws 1, fangs 3, see invisible, speed 1,
shaggy fur 2, stealthy paws, no weapons or thrown items, no armour, multi-lived
a: Begin Untransformation, Renounce Religion, Shatter the Chains


You were on level 7 of the Dungeon.
You worshipped Ashenzari.
Ashenzari was pleased with you.
You were something dangerously unstable.
You visited 2 branches of the dungeon, and saw 8 of its levels.
You also visited: Sewer.

You collected 358 gold pieces.

Inventory:

Jewellery
 d - the cursed ring "Lashed Irritation" (left paw) {Dex+6, Dev, Melee}
   (You found it on level 4 of the Dungeon)

   [ring of dexterity]

   Dex+6:     It affects your dexterity (+6).
   It has a curse which improves the following skills: Devices: Evocations and
   Shapeshifting.
   Melee Combat: Unarmed Combat.
 j - the ring of Pilif (right paw) {Wiz rC+ Dex+3 SInv}
   (You found it on level 5 of the Dungeon)

   [ring of wizardry]

   Wiz:       It improves your spell success rate.
   Dex+3:     It affects your dexterity (+3).
   rC+:       It protects you from cold.
   SInv:      It lets you see invisible.
Talismans
 b - a beast talisman
 c - a flux talisman (active)
Wands
 n - a wand of polymorph (5)
 s - a wand of flame (9)
Scrolls
 e - a scroll of amnesia
 l - a scroll of blinking
 o - a scroll of teleportation
 p - 2 scrolls of fear
 q - a scroll of vulnerability
Potions
 a - 4 potions of lignification
 f - a potion of might
 g - 2 potions of berserk rage
 h - 2 potions of magic
 i - 2 potions of mutation
 k - a potion of resistance
 m - a potion of brilliance
 r - 2 potions of cancellation


   Skills:
 + Level 5.8 Fighting
 + Level 8.1 Dodging
 + Level 6.6(7.8) Unarmed Combat
 * Level 9.0(10.2) Shapeshifting


You had 7 spell levels left.
You knew the following spells:

 Your Spells              Type           Power      Damage    Failure   Level
a - Shock                 Conj/Air       0%         1d3       13%         1

Your spell library contained the following spells:

 Spells                   Type           Power      Damage    Failure   Level
 Ensorcelled Hibernation  Hex/Ice        0%         N/A       21%         2
 Passwall                 Tmut/Erth      0%         N/A       21%         2
 Poisonous Vapours        Pois/Air       0%         N/A       21%         2
 Mephitic Cloud           Conj/Pois/Air  0%         N/A       36%         3
 Swiftness                Air            0%         N/A       36%         3
 Airstrike                Air            0%         2d(0-16)  75%         4
 Olgreb's Toxic Radiance  Pois           0%         N/A       75%         4
 Freezing Cloud           Conj/Ice/Air   0%         6-21      97%         5
 Discord                  Hex            0%         N/A       100%        8
 Ignition                 Fire           0%         3d3       100%        8


Dungeon Overview and Level Annotations

Branches:
Dungeon (7/15)             Temple (1/1) D:5           Sewer (visited)

Altars:
Ashenzari
Cheibriados
Elyvilon
Fedhas
Gozag
Kikubaaqudgha
Makhleb
Nemelex Xobeh
Okawaru
Qazlal
Ru
Sif Muna
Trog
Uskayaw
Vehumet
Wu Jian
Xom
Zin
The Shining One

Shops:
D:6 *

Annotations:
D:6 3 runed translucent doors, Flugkiller's ghost, novice VSGl
D:7 1 transporter, WhatIsLove's ghost, novice DjFE
Temple 2 transporters


Innate Abilities, Weirdness & Mutations

You are something dangerously unstable.
You glow with magical radiation, making you easy to see and hit.
Foes you strike become dangerously contaminated with magical radiation.
You have sharp claws.
You have razor-sharp teeth.
You have supernaturally acute eyesight. (SInv)
You cover ground quickly. (Speed+)
You are covered in thick fur. (AC +2)
Your paws help you pounce on unaware monsters.
You are incapable of wielding weapons or throwing items.
You cannot wear armour.
You gain extra lives every three experience levels.


Message History

The killer bee poisons you!
You feel sick.
The killer bee attacks as it pursues you!
The killer bee misses you.
The killer bee attacks as it pursues you!
The killer bee completely misses you.
You feel sick. The killer bee closely misses you. x2
The killer bee completely misses you. The killer bee misses you.
You scratch the killer bee.
The killer bee begins to glow.
You bite the killer bee.
The killer bee is heavily wounded.
You feel sick. The killer bee misses you. The killer bee stings you.
* * * LOW HITPOINT WARNING * * *
You are lethally poisoned!
The killer bee poisons you! The killer bee misses you.
The killer bee completely misses you. x3; The killer bee barely misses you.
The killer bee stings you.
* * * LOW HITPOINT WARNING * * *
The killer bee misses you.
The killer bee stings you but does no damage.
The killer bee closely misses you. The killer bee completely misses you.
* * * LOW HITPOINT WARNING * * *
You feel sick. The killer bee barely misses you.
The killer bee completely misses you.
* * * LOW HITPOINT WARNING * * *
You feel sick.
The killer bee attacks as it pursues you!
The killer bee completely misses you. The killer bee barely misses you.
The killer bee attacks as it pursues you!
The killer bee barely misses you. The killer bee misses you.
* * * LOW HITPOINT WARNING * * *
You feel sick.
The killer bee attacks as it pursues you!
The killer bee closely misses you. x2
* * * LOW HITPOINT WARNING * * *
You feel sick.
The killer bee stops glowing.
The killer bee misses you.
The killer bee attacks as it pursues you!
The killer bee closely misses you. The killer bee misses you.
There is an escape hatch in the ceiling here.
You die...

)........ +.........# .........
#.........#
..........##+##.........#######
.########.............(.......#
.#......#.....................#
.#......#.....................#
.#......#.....................#
.#......#.......yy............#
.#......#.......pyyy..........#
.#......#######'#y......#'#####
.#..............#.......#....#
.#......##......#.......#....#
##......##......#.......#....#
#........#......#.......#....#
#...............#.......#....#
#>.......###.)..#.......#....#
##.......#.#....#.......#....#


You could see 6 killer bees.

Vanquished Creatures
  Joseph (D:7)
  The ghost of makewrite the Skirmisher, a novice MiHu (D:5)
  The ghost of Xavier147 the Skirmisher, an amateur TeHu (D:4)
  3 water moccasins
  2 ice beasts (D:5)
  An ogre (D:5)
  3 phantoms
  A kobold brigand (D:7)
  A necrophage (D:5)
  4 scorpions
  A water moccasin skeleton (D:5)
  A centaur zombie (D:5)
  4 jellies
  2 hounds
  A bullfrog skeleton (D:5)
  A gnoll bouda (D:5)
  2 iguanas
  A sleepcap (D:7)
  5 orc wizards
  7 adders
  10 gnolls
  6 river rats
  A shadow imp (D:4)
  3 white imps
  3 worms
  3 dart slugs
  11 orcs
  15 ball pythons
  3 endoplasms
  3 giant cockroaches
  8 goblins
  5 hobgoblins
  3 jackals (Sewer)
  3 quokkas
  3 bats
  12 frilled lizards
  21 kobolds
  10 rats
166 creatures vanquished.

Notes
Turn   | Place    | Note
-------+----------+-------------------------------------------
     0 | D:1      | senseless the Felid Shapeshifter began the quest for the
                  | Orb.
     0 | D:1      | Reached XP level 1. HP: 9/9 MP: 2/2
   188 | D:1      | Reached XP level 2. HP: 12/12 MP: 3/3
   477 | D:1      | Reached XP level 3. HP: 15/15 MP: 4/4
   869 | D:2      | Reached skill level 4 in Shapeshifting
  1026 | D:2      | Reached XP level 4. HP: 19/19 MP: 5/5
  1265 | D:2      | Found a faded altar of an unknown god.
  2148 | D:3      | Found a white marble altar of Elyvilon.
  2527 | D:3      | Found a glowing drain.
  2541 | Sewer    | Entered a sewer
  2785 | Sewer    | Reached XP level 5. HP: 23/23 MP: 6/6
  3890 | D:4      | Reached skill level 5 in Shapeshifting
  3948 | D:4      | Gained mutation: You are covered in thick fur. (AC +2)
                  | [Felid growth]
  3948 | D:4      | Reached XP level 6. HP: 26/27 MP: 7/7
  3960 | D:4      | Found a bloodstained altar of Trog.
  4028 | D:4      | Found a runed translucent door.
  4167 | D:4      | Found an iron altar of Okawaru.
  4234 | D:4      | Found a runed translucent door.
  4239 | D:4      | Noticed Xavier147's ghost (amateur TeHu)
  4535 | D:5      | Entered Level 5 of the Dungeon
  4568 | D:5      | Found a staircase to the Ecumenical Temple.
  4576 | D:5      | Reached skill level 5 in Dodging
  4576 | D:5      | Reached XP level 7. HP: 26/31 MP: 8/8
  4598 | D:5      | Reached skill level 6 in Shapeshifting
  4675 | Temple   | Found a transporter.
  4675 | Temple   | Found a transporter.
  4675 | Temple   | Found a transporter.
  4675 | Temple   | Found a transporter.
  4675 | Temple   | Entered the Ecumenical Temple
  4686 | D:5      | Found a transporter.
  4689 | D:5      | Noticed makewrite's ghost (novice MiHu)
  4765 | D:5      | Found a transporter.
  4778 | D:5      | Identified the ring of Pilif {Wiz rC+ Dex+3 SInv}
  4848 | D:5      | Found a broken altar of Ashenzari.
  5008 | D:5      | Became a worshipper of Ashenzari the Shackled
  5127 | D:5      | Reached skill level 5 in Unarmed Combat
  5283 | D:6      | Found a runed translucent gate.
  5283 | D:6      | Found a runed translucent gate.
  5283 | D:6      | Found a runed translucent gate.
  5284 | D:6      | Noticed Flugkiller's ghost (novice VSGl)
  5284 | D:6      | Noticed a cyclops
  5300 | D:5      | Reached XP level 8. HP: 19/36 MP: 9/9
  5443 | D:5      | HP: 1/36 [water moccasin (5)]
  5446 | D:5      | Reached skill level 7 in Shapeshifting
  5600 | D:6      | Learned a level 1 spell: Shock
  5747 | D:6      | Slain by a gnoll
  5935 | D:6      | Reached * piety under Ashenzari
  5935 | D:6      | Reached ** piety under Ashenzari
  5936 | D:6      | Found Itoeggas's Neck Hole.
  6261 | D:6      | Identified the +6 short sword of Blood-Lust {heavy, rPois
                  | rN+ Int+2}
  6314 | D:4      | Killed Xavier147's ghost
  6315 | D:4      | Reached skill level 5 in Fighting
  6469 | D:4      | Found a glowing golden altar of the Shining One.
  6469 | D:4      | Found a glowing silver altar of Zin.
  6469 | D:4      | Found an ornate altar of the Wu Jian Council.
  6654 | D:5      | Identified the +6 short sword of Blood-Lust {heavy, rPois
                  | rN+ Int+2}
  6674 | D:5      | Slain by makewrite's ghost
  6720 | D:5      | Killed makewrite's ghost
  6721 | D:5      | Reached skill level 8 in Shapeshifting
  6721 | D:5      | Reached XP level 9. HP: 35/40 MP: 10/10
  6848 | D:6      | HP: 1/40 [poisoned by a water moccasin]
  6849 | D:6      | Succumbed to a water moccasin's poison
  6910 | D:7      | Found a transporter.
  6913 | D:7      | Noticed WhatIsLove's ghost (novice DjFE)
  6913 | D:7      | Noticed a troll
  6925 | D:7      | Noticed an unseen horror
  7062 | D:7      | Found a radiant altar of Vehumet.
  7079 | D:7      | Noticed Joseph
  7090 | D:7      | Killed Joseph
  7297 | D:7      | Reached skill level 9 in Shapeshifting
  7434 | D:7      | HP: 1/41 [poisoned by a killer bee]
  7435 | D:7      | Succumbed to a killer bee's poison

Illustrated notes

Levels and vault maps discovered:
D:1:      dpeg_arrival_castle, layout_basic
D:2:      layout_basic, dreamdust_ecumenical_altar_statues,
          lexackson_kobold_supper
D:3:      layout_loops_corners, nicolae_elyvilon_peaceful_grove,
          portal_sewer_entry_d
D:4:      layout_cave_pools, okawaru_trees_2, nicolae_overflow_hidden_temple,
          ebering_ghost_sewer_f, minmay_misc_feat_plants, minmay_crystal_room
D:5:      layout_cave_pools, marbit_many_paths, minmay_temple_entry_tees,
          gammafunk_ghost_mausoleum, kennysheep_flooded_box
D:6:      layout_cave_pools, gammafunk_ghost_split,
          nicolae_shop_sticking_my_neck_out
D:7:      layout_gridville, vehumet_altar_wand_db,
          nicolae_yredelemnul_corpse_copse, gammafunk_ghost_arena,
          minmay_a_box_with_orc_wizards_in_it, uniq_joseph
Temple:   hellmonk_temple_divided_pantheon

Skill      XL: |  1  2  3  4  5  6  7  8  9 |
---------------+----------------------------+-----
Dodging        | 3 4 5 7 8 |  8.1
Shapeshifting  | 4 5 6 8 9 |  9.0
Fighting       | 2 3 4 5 |  5.8
Unarmed Combat | 4 5 6 |  6.6

Action                     |  1- 3 |  4- 6 |  7- 9 || total
---------------------------+-------+-------+-------++-------
  Melee: Unarmed           |    65 |   358 |   286 ||   709
         Bite              |     6 |    53 |    44 ||   103
         Punch             |     2 |     7 |     5 ||    14
   Cast: Shock             |       |       |     7 ||     7
 Invoke: Curse Item        |       |       |     1 ||     1
    Use: Scroll            |       |    10 |       ||    10
         Potion            |       |     2 |     4 ||     6
   Stab: Sleeping          |     6 |     3 |     3 ||    12
         Distracted        |       |       |     1 ||     1
 Armour: Skin              |    18 |    46 |    97 ||   161
  Dodge: Dodged            |    42 |   151 |   289 ||   482
   Form: Flux              |       |       |     1 ||     1

Table legend: (Time is in decaauts)
 A = Elapsed time spent in this place.
 B = Non-inter-level travel time spent in this place.
 C = Inter-level travel time spent in this place.
 D = Time resting spent in this place.
 E = Time spent auto-exploring this place.
 F = Levels seen in this place.
 G = Mean time per level.
                   A        B        C        D        E       F      G
               +--------+--------+--------+--------+--------+-----+--------+
         Total |   6556 |   6155 |    401 |    119 |   4471 |   9 |  728.4 |
       Dungeon |   5624 |   5223 |    401 |    119 |   3740 |   7 |  803.4 |
        Temple |      1 |      1 |      0 |      0 |      0 |   1 |    1.0 |
         Sewer |    930 |    930 |      0 |      0 |    730 |   1 |  930.0 |
               +--------+--------+--------+--------+--------+-----+--------+

Top non-repeatable levels by time:
     D:2: 1126 daAuts
     D:5: 1055 daAuts
   Sewer: 930 daAuts
     D:3: 807 daAuts
     D:4: 784 daAuts
     D:6: 692 daAuts
     D:1: 643 daAuts
     D:7: 514 daAuts
  Temple: 1 daAuts
